TOP OF THE 1ST |
Balzac Rams batting - Pitching for La Crosse Loggers : RHP Cisco Vázquez
|
Pitching: RHP Cisco Vázquez
|
|
Batting: RHB Luis Suárez
|
0-0: Foul Ball, location: 2F 0-1: Fly out, F8 (Flyball, 8RXD)
|
Batting: RHB Brian Parks
|
0-0: Ball 1-0: Called Strike 1-1: Foul Ball, location: 2F 1-2: Foul Ball, location: 2F 1-2: Strikes out looking
|
Batting: LHB Fernando Cruz
|
0-0: Fly out, F8 (Flyball, 8LM)
|
Top of the 1st over - 0 run(s), 0 hit(s), 0 error(s), 0 left on base; Balzac 0 - La Crosse 0 |
BOTTOM OF THE 1ST |
La Crosse Loggers batting - Pitching for Balzac Rams : RHP Li-cong Sima
|
Pitching: RHP Li-cong Sima
|
|
Batting: RHB Aurelio Cruz
|
0-0: Ball 1-0: Ball 2-0: SINGLE (Line Drive, 9LM)
|
Batting: RHB Robert Acosta
|
0-0: Foul Ball, location: 2F 0-1: Ball 1-1: SINGLE (Groundball, 56) (infield hit) Aurelio Cruz to second
|
Batting: RHB Peter Bryant
|
0-0: Ball 1-0: Ball 2-0: Foul Ball, location: 2F 2-1: Ball 3-1: SINGLE (Groundball, 6MD) Aurelio Cruz to third Robert Acosta to second Runner from 3rd tries for Home, SAFE, no throw
|
Batting: RHB Jesús Cabrera
|
0-0: Called Strike 0-1: Ball 1-1: Fielders Choice at 2nd, 5-4 (Groundball, 56) Robert Acosta to third
|
Batting: SHB Dave Henley
|
0-0: Swinging Strike 0-1: Ball 1-1: Ball 2-1: Fielders Choice at 2nd, 5-4 (Groundball, 56) Robert Acosta scores
|
Batting: LHB Jeff Forsyth
|
0-0: Called Strike 0-1: Ball 1-1: Fielders Choice at 2nd, 6-4 (Groundball, 6)
|
Bottom of the 1st over - 2 run(s), 3 hit(s), 0 error(s), 0 left on base; Balzac 0 - La Crosse 2 |
TOP OF THE 2ND |
Balzac Rams batting - Pitching for La Crosse Loggers : RHP Cisco Vázquez
|
Batting: LHB Daniel Carter
|
0-0: SOLO HOME RUN (Flyball, 9LD), Distance : 349 ft
|
Batting: RHB Jeff Stevenson
|
0-0: Swinging Strike 0-1: Foul Ball, location: 2F 0-2: Foul Ball, location: 2F 0-2: Foul Ball, location: 2F 0-2: SINGLE (Groundball, 56D)
|
Batting: RHB James Tucker
|
0-0: Ball 1-0: Swinging Strike 1-1: Ball 2-1: Foul Ball, location: 2F 2-2: Ball 3-2: Fly out, F7 (Flyball, 7D)
|
Batting: RHB Félix Quintero
|
0-0: Called Strike 0-1: Swinging Strike 0-2: Ball 1-2: Strikes out swinging
|
Batting: RHB Enrique Castillo
|
0-0: Ground out 5-3 (Groundball, 56S)
|
Top of the 2nd over - 1 run(s), 2 hit(s), 0 error(s), 1 left on base; Balzac 1 - La Crosse 2 |
BOTTOM OF THE 2ND |
La Crosse Loggers batting - Pitching for Balzac Rams : RHP Li-cong Sima
|
Batting: RHB Manuel Pérez
|
0-0: Ball 1-0: Foul Ball, location: 2F 1-1: Called Strike 1-2: Ball 2-2: Ball 3-2: Strikes out swinging
|
Batting: RHB Troy Reed
|
0-0: Called Strike 0-1: Ball 1-1: Ball 2-1: Ball 3-1: Base on Balls
|
Batting: RHB Hunter Plunket
|
0-0: Called Strike Troy Reed steals 2nd base 0-1: Ball 1-1: Swinging Strike 1-2: Strikes out swinging
|
Batting: RHB Aurelio Cruz
|
0-0: Called Strike 0-1: Ball 1-1: Ball 2-1: Ball 3-1: Swinging Strike 3-2: Fly out, F7 (Flyball, 7)
|
Bottom of the 2nd over - 0 run(s), 0 hit(s), 0 error(s), 1 left on base; Balzac 1 - La Crosse 2 |
TOP OF THE 3RD |
Balzac Rams batting - Pitching for La Crosse Loggers : RHP Cisco Vázquez
|
Batting: RHB Octávio Aldeguer
|
0-0: Ball 1-0: Called Strike 1-1: Called Strike 1-2: Ball 2-2: Strikes out swinging
|
Batting: RHB Luis Suárez
|
0-0: Called Strike 0-1: Ball 1-1: Foul Ball, location: 2F 1-2: Ball 2-2: Foul Ball, location: 2F 2-2: Ball 3-2: Base on Balls
|
Batting: RHB Brian Parks
|
0-0: Called Strike 0-1: Ball 1-1: Swinging Strike 1-2: Ball 2-2: Ball 3-2: Strikes out swinging
|
Batting: LHB Fernando Cruz
|
0-0: Called Strike 0-1: Fly out, F8 (Flyball, 78D)
|
Top of the 3rd over - 0 run(s), 0 hit(s), 0 error(s), 1 left on base; Balzac 1 - La Crosse 2 |
BOTTOM OF THE 3RD |
La Crosse Loggers batting - Pitching for Balzac Rams : RHP Li-cong Sima
|
Batting: RHB Robert Acosta
|
0-0: Swinging Strike 0-1: Ball 1-1: Swinging Strike 1-2: Foul Ball, location: 2F 1-2: SINGLE (Groundball, 6MD)
|
Batting: RHB Peter Bryant
|
0-0: Called Strike 0-1: Foul Ball, location: 2F 0-2: Ball 1-2: Strikes out looking
|
Batting: RHB Jesús Cabrera
|
0-0: Called Strike 0-1: Foul Ball, location: 2F 0-2: Strikes out looking
|
Batting: SHB Dave Henley
|
0-0: Called Strike 0-1: Called Strike 0-2: Ball 1-2: Ball Robert Acosta steals 2nd base 2-2: Foul Ball, location: 2F 2-2: Fly out, F7 (Flyball, 78S)
|
Bottom of the 3rd over - 0 run(s), 1 hit(s), 0 error(s), 1 left on base; Balzac 1 - La Crosse 2 |
TOP OF THE 4TH |
Balzac Rams batting - Pitching for La Crosse Loggers : RHP Cisco Vázquez
|
Batting: LHB Daniel Carter
|
0-0: Ball 1-0: Ball 2-0: SINGLE (Groundball, 34D)
|
Batting: RHB Jeff Stevenson
|
0-0: Ball 1-0: DOUBLE (Line Drive, 7LD) Daniel Carter to third Runner from 3rd tries for Home, SAFE, no throw
|
Batting: RHB James Tucker
|
0-0: Called Strike 0-1: Ball 1-1: Foul Ball, location: 2F 1-2: Foul Ball, location: 2F 1-2: Strikes out swinging
|
Batting: RHB Félix Quintero
|
0-0: Called Strike 0-1: Ball 1-1: Foul Ball, location: 2F 1-2: Foul Ball, location: 2F 1-2: Ball 2-2: Ball 3-2: Base on Balls
|
Pitching: RHP Christian Adkins
|
|
Batting: RHB Enrique Castillo
|
0-0: Ball 1-0: Ball 2-0: SINGLE (Line Drive, 9S) Jeff Stevenson to third Félix Quintero to second
|
Batting: RHB Octávio Aldeguer
|
0-0: Ball 1-0: Ball 2-0: Ball 3-0: Base on Balls Jeff Stevenson scores Félix Quintero to third Enrique Castillo to second
|
Batting: RHB Luis Suárez
|
0-0: Ball 1-0: Ball 2-0: Swinging Strike 2-1: Ball 3-1: Foul Ball, location: 2F 3-2: Strikes out looking
|
Batting: RHB Brian Parks
|
0-0: Ball 1-0: Ball 2-0: Ball 3-0: Called Strike 3-1: Called Strike 3-2: Strikes out swinging
|
Top of the 4th over - 2 run(s), 3 hit(s), 0 error(s), 3 left on base; Balzac 3 - La Crosse 2 |
BOTTOM OF THE 4TH |
La Crosse Loggers batting - Pitching for Balzac Rams : RHP Li-cong Sima
|
Batting: LHB Jeff Forsyth
|
0-0: Called Strike 0-1: Swinging Strike 0-2: Ball 1-2: Strikes out swinging
|
Batting: RHB Manuel Pérez
|
0-0: Called Strike 0-1: Called Strike 0-2: Ball 1-2: Ball 2-2: Foul Ball, location: 2F 2-2: Foul Ball, location: 2F 2-2: SOLO HOME RUN (Flyball, 9D), Distance : 373 ft
|
Batting: RHB Troy Reed
|
0-0: Ball 1-0: SINGLE (Groundball, 34D)
|
Batting: RHB Hunter Plunket
|
0-0: Foul Ball, location: 2F 0-1: Called Strike 0-2: Strikes out swinging
|
Batting: RHB Aurelio Cruz
|
0-0: Called Strike Troy Reed steals 2nd base 0-1: Foul Ball, location: 2F 0-2: Ball 1-2: Ball 2-2: Foul Ball, location: 2F 2-2: Foul Ball, location: 2F 2-2: Foul Ball, location: 2F 2-2: Fly out, F4 (Line Drive, 4)
|
Bottom of the 4th over - 1 run(s), 2 hit(s), 0 error(s), 1 left on base; Balzac 3 - La Crosse 3 |
TOP OF THE 5TH |
Balzac Rams batting - Pitching for La Crosse Loggers : RHP Christian Adkins
|
Batting: LHB Fernando Cruz
|
0-0: Called Strike 0-1: Called Strike 0-2: Ball 1-2: Ground out U3 (Groundball, 3)
|
Batting: LHB Daniel Carter
|
0-0: Foul Ball, location: 2F 0-1: Ground out 4-3 (Groundball, 34D)
|
Batting: RHB Jeff Stevenson
|
0-0: Called Strike 0-1: Swinging Strike 0-2: Fly out, F9 (Flyball, 9S)
|
Top of the 5th over - 0 run(s), 0 hit(s), 0 error(s), 0 left on base; Balzac 3 - La Crosse 3 |
BOTTOM OF THE 5TH |
La Crosse Loggers batting - Pitching for Balzac Rams : RHP Li-cong Sima
|
Batting: RHB Robert Acosta
|
0-0: Ball 1-0: Ball 2-0: Ground out 5-3 (Groundball, 56S)
|
Batting: RHB Peter Bryant
|
0-0: Swinging Strike 0-1: Ball 1-1: SINGLE (Line Drive, 89S)
|
Batting: RHB Jesús Cabrera
|
0-0: Ball 1-0: Called Strike 1-1: Fielders Choice at 2nd, 6-4 (Groundball, 6)
|
Batting: SHB Dave Henley
|
0-0: Ball 1-0: Ball Jesús Cabrera is caught stealing 2nd base
|
Bottom of the 5th over - 0 run(s), 1 hit(s), 0 error(s), 0 left on base; Balzac 3 - La Crosse 3 |
TOP OF THE 6TH |
Balzac Rams batting - Pitching for La Crosse Loggers : RHP Christian Adkins
|
Batting: RHB James Tucker
|
0-0: Called Strike 0-1: Ball 1-1: Foul Ball, location: 2F 1-2: Ball 2-2: Strikes out swinging
|
Batting: RHB Félix Quintero
|
0-0: Fly out, F4 (Popup, 4)
|
Batting: RHB Enrique Castillo
|
0-0: Ball 1-0: Ball 2-0: Ball 3-0: Base on Balls
|
Batting: RHB Octávio Aldeguer
|
0-0: Ball 1-0: Ball 2-0: Foul Ball, location: 2F 2-1: Foul Ball, location: 2F 2-2: Strikes out swinging
|
Top of the 6th over - 0 run(s), 0 hit(s), 0 error(s), 1 left on base; Balzac 3 - La Crosse 3 |
BOTTOM OF THE 6TH |
La Crosse Loggers batting - Pitching for Balzac Rams : RHP Li-cong Sima
|
Pitching: LHP Nick Johnson
|
|
Batting: SHB Dave Henley
|
0-0: Ball 1-0: Ball 2-0: Foul Ball, location: 2F 2-1: Ball 3-1: Foul Ball, location: 2F 3-2: Base on Balls
|
Batting: LHB Jeff Forsyth
|
0-0: Ball 1-0: Called Strike 1-1: Fly out, F9 (Flyball, 89M)
|
Batting: RHB Manuel Pérez
|
0-0: Ball 1-0: Ball 2-0: DOUBLE (Line Drive, 78D) Dave Henley to third Runner from 3rd tries for Home, SAFE, no throw
|
Batting: RHB Troy Reed
|
0-0: Ball 1-0: Swinging Strike 1-1: SINGLE (Groundball, 4D) Manuel Pérez to third Runner from 3rd tries for Home, SAFE, no throw
|
Pitching: RHP José Cota
|
|
Batting: RHB Hunter Plunket
|
0-0: Called Strike 0-1: Foul Ball, location: 2F 0-2: Ball 1-2: Ball 2-2: Ball 3-2: Foul Ball, location: 2F 3-2: Strikes out swinging Troy Reed steals 2nd base Batter strikes out.
|
Batting: RHB Aurelio Cruz
|
0-0: Called Strike Troy Reed is caught stealing 3rd base
|
Bottom of the 6th over - 2 run(s), 2 hit(s), 0 error(s), 0 left on base; Balzac 3 - La Crosse 5 |
TOP OF THE 7TH |
Balzac Rams batting - Pitching for La Crosse Loggers : RHP Christian Adkins
|
Batting: RHB Luis Suárez
|
0-0: Fly out, F9 (Flyball, 9)
|
Batting: RHB Brian Parks
|
0-0: Ball 1-0: Fly out, F7 (Line Drive, 7LS)
|
Pitching: RHP Michael Peterson
|
|
Batting: LHB Fernando Cruz
|
0-0: Ball 1-0: Ball 2-0: Foul Ball, location: 2F 2-1: Fly out, F7 (Flyball, 7S)
|
Top of the 7th over - 0 run(s), 0 hit(s), 0 error(s), 0 left on base; Balzac 3 - La Crosse 5 |
BOTTOM OF THE 7TH |
La Crosse Loggers batting - Pitching for Balzac Rams : RHP José Cota
|
Batting: RHB Aurelio Cruz
|
0-0: Called Strike 0-1: Ball 1-1: Swinging Strike 1-2: Ball 2-2: Strikes out swinging
|
Batting: RHB Robert Acosta
|
0-0: Called Strike 0-1: Ball 1-1: Called Strike 1-2: Strikes out swinging
|
Batting: RHB Peter Bryant
|
0-0: Called Strike 0-1: Ball 1-1: Foul Ball, location: 2F 1-2: Strikes out swinging
|
Bottom of the 7th over - 0 run(s), 0 hit(s), 0 error(s), 0 left on base; Balzac 3 - La Crosse 5 |
TOP OF THE 8TH |
Balzac Rams batting - Pitching for La Crosse Loggers : RHP Michael Peterson
|
Batting: LHB Daniel Carter
|
0-0: Called Strike 0-1: Called Strike 0-2: Foul Ball, location: 2F 0-2: Ball 1-2: Ball 2-2: Ball 3-2: DOUBLE (Line Drive, 78S)
|
Batting: RHB Jeff Stevenson
|
0-0: Fly out, F3 (Line Drive, 3S)
|
Batting: RHB James Tucker
|
0-0: Called Strike 0-1: Foul Ball, location: 2F 0-2: Ball 1-2: Strikes out looking
|
Batting: RHB Félix Quintero
|
0-0: Fly out, F8 (Flyball, 89M)
|
Top of the 8th over - 0 run(s), 1 hit(s), 0 error(s), 1 left on base; Balzac 3 - La Crosse 5 |
BOTTOM OF THE 8TH |
La Crosse Loggers batting - Pitching for Balzac Rams : RHP José Cota
|
Batting: RHB Jesús Cabrera
|
0-0: Ball 1-0: Ball 2-0: Ball 3-0: Called Strike 3-1: Fly out, F7 (Line Drive, 7)
|
Batting: SHB Dave Henley
|
0-0: Ball 1-0: Called Strike 1-1: Fly out, F2 (Popup, 15)
|
Batting: LHB Jeff Forsyth
|
0-0: Ball 1-0: Foul Ball, location: 2F 1-1: Ball 2-1: Swinging Strike 2-2: Ball 3-2: Foul Ball, location: 2F 3-2: Foul Ball, location: 2F 3-2: Foul Ball, location: 2F 3-2: Foul Ball, location: 2F 3-2: Base on Balls
|
Batting: RHB Manuel Pérez
|
0-0: Called Strike 0-1: Foul Ball, location: 2F 0-2: Strikes out swinging
|
Bottom of the 8th over - 0 run(s), 0 hit(s), 0 error(s), 1 left on base; Balzac 3 - La Crosse 5 |
TOP OF THE 9TH |
Balzac Rams batting - Pitching for La Crosse Loggers : RHP Michael Peterson
|
Pitching: RHP Derrick Hall
|
|
Batting: RHB Enrique Castillo
|
0-0: Ground out 4-3 (Groundball, 4)
|
Batting: RHB Octávio Aldeguer
|
0-0: Ball 1-0: Ground out 5-3 (Groundball, 56S)
|
Batting: RHB Luis Suárez
|
0-0: Ball 1-0: Ground out 1-3 (Groundball, P)
|
Top of the 9th over - 0 run(s), 0 hit(s), 0 error(s), 0 left on base; Balzac 3 - La Crosse 5 |
|